 Dungeon Crawl Stone Soup version 0.31-a0-986-g5e6e4ef867 (webtiles) character file.

Game seed: 13375910885906000197

1449 Danienth the Changeling (level 8, -3/78 HPs)
             Began as a Troll Shapeshifter on Nov 8, 2023.
             Was an Initiate of Trog.
             Slain by an orc warrior
             ... wielding a +0 halberd
              (10 damage)
             ... on level 6 of the Dungeon.
             The game lasted 00:13:22 (4328 turns).

Danienth the Changeling (Troll Shapeshifter)        Turns: 4328, Time: 00:13:23

Health: -3/78      AC:  7    Str: 24 (25) XL:     8   Next: 46%
Magic:  7/7        EV: 11    Int:  4 (6)  God:    Trog [......]
Gold:   248        SH:  0    Dex: 13 (14) Spells: 7/7 levels left

rFire   . .          .
                       - Unarmed
rCold   . . .        (no shield)
rNeg    . . .        a - +0 animal skin
rPois   .            (helmet restricted)
rElec   .            o - +2 cloak
rCorr   +            (gloves unavailable)
SInv    .            (boots unavailable)
Will    +....        (no amulet)
Stlth   +            f - ring of willpower
HPRegen 1.13/turn    k - ring "Acsauj" {rCorr Str+2 Dex+3}
MPRegen 0.10/turn

%: no passive effects
@: no status effects
A: large, unfitting armour, claws 3, regeneration 1, shaggy fur 1, tough skin 1
a: Renounce Religion


You were on level 6 of the Dungeon.
You worshipped Trog.
Trog was noncommittal.
You visited 2 branches of the dungeon, and saw 7 of its levels.

You collected 248 gold pieces.

Inventory:

Hand Weapons
 h - a +0 dagger
 n - a +2 quarterstaff of chaos
Missiles
 i - 3 poisoned darts (quivered)
 v - a curare-tipped dart
 w - 2 atropa-tipped darts
Armour
 a - a +0 animal skin (worn)
 o - a +2 cloak (worn)
Jewellery
 f - a ring of willpower (left claw)
 k - the ring "Acsauj" (right claw) {rCorr Str+2 Dex+3}
   (You found it on level 2 of the Dungeon)

   [ring of resist corrosion]

   Str+2:     It affects your strength (+2).
   Dex+3:     It affects your dexterity (+3).
   rCorr:     It protects you from acid and corrosion.
 z - a ring of resist corrosion
Talismans
 c - a beast talisman
 d - a flux talisman
Wands
 x - a wand of flame (16)
Scrolls
 e - 3 scrolls of noise
 p - 3 scrolls of vulnerability
Potions
 b - 2 potions of lignification
 g - a potion of brilliance
 j - a potion of enlightenment
 l - a potion of mutation
 r - a potion of haste {unknown}
 s - a potion of ambrosia {unknown}
 t - a potion of attraction {unknown}
 A - a potion of heal wounds {unknown}


   Skills:
 + Level 4.0 Fighting
 - Level 3.4 Throwing
 + Level 4.1 Dodging
 + Level 5.1 Unarmed Combat
 * Level 5.8 Shapeshifting


You had 7 spell levels left.
You didn't know any spells.
Your spell library contained the following spells:

 Spells                   Type           Power      Damage    Failure   Level
 Scorch                   Fire           0%         2d5       65%         2
 Flame Wave               Conj/Fire      0%         2d4       99%         4
 Summon Cactus Giant      Summ           0%         N/A       100%        6


Dungeon Overview and Level Annotations

Branches:
Dungeon (6/15)             Temple (1/1) D:4

Altars:
Ashenzari
Cheibriados
Dithmenos
Elyvilon
Fedhas
Gozag
Hepliaklqana
Kikubaaqudgha
Makhleb
Nemelex Xobeh
Okawaru
Qazlal
Sif Muna
Trog
Uskayaw
Vehumet
Wu Jian
Xom
Yredelemnul
Zin
The Shining One

Shops:
D:5 ?=


Innate Abilities, Weirdness & Mutations

You are too large for most types of armour.
You have claws for hands.
Your natural rate of healing is unusually fast.
You are covered in fur. (AC +1)
You have tough skin. (AC +1)


Message History

It was a potion of curing.
You feel better. The orc priest barely misses you.
The orc warrior hits you from afar with a +0 halberd.
* * * LOW HITPOINT WARNING * * *
Attack: -) Claws
Press: ? - help, Dir - move target, f/p - orc priest
Aim: an orc priest, wielding a +0 dagger and wearing a +0 ring mail (about 31% to evade your claws)
Okay, then.
Attack: -) Claws
Press: ? - help, Dir - move target, f/p - orc priest
Aim: an orc priest, wielding a +0 dagger and wearing a +0 ring mail (about 31% to evade your claws)
You completely miss the orc priest.
The orc priest hits you but does no damage.
Attack: -) Claws
Press: ? - help, Dir - move target, f/p - orc priest
Aim: an orc priest, wielding a +0 dagger and wearing a +0 ring mail (about 31% to evade your claws)
You claw the orc priest!
You kill the orc priest!
Trog accepts your kill.
Attack: -) Claws
Press: ? - help, Dir - move target, f - scorpion
Aim: a scorpion (about 34% to evade your claws)
You scratch the scorpion but do no damage.
The scorpion stings you but does no damage.
Attack: -) Claws
Press: ? - help, Dir - move target, f/p - scorpion
Aim: a scorpion (about 34% to evade your claws)
You scratch the scorpion.
The scorpion is lightly wounded.
The orc warrior hits you from afar with a +0 halberd!
* * * LOW HITPOINT WARNING * * *
The scorpion stings you.
* * * LOW HITPOINT WARNING * * *
Attack: -) Claws
Press: ? - help, Dir - move target, f/p - scorpion
Aim: a scorpion (lightly wounded, about 34% to evade your claws)
You barely miss the scorpion.
The scorpion is lightly wounded.
The scorpion completely misses you.
The orc warrior hits you from afar with a +0 halberd!
You die...

******* #.......†..#.#.
,,,,,,**###########..[.......#.#.
*++**,,*###########..........#.#.
8,,8**.,###########.....(#####.#.
,,,,8*..###########......# #.#.
,,,,,*........#####......# #.#.
,,,,,*.#......#####......# #...
,,,,8*........#####......########
8,,8**........os@.......>........
*++**,...$...)#########..########
,,,,,,........#########..#
,,,,,*..).......#######..#
******..(.......#######..#
,,,,,,..((......#######..#
,,,,,,..(.......#######..#
******#....#..#########..########
,,,,,,.....#..# #..........


You could see an orc warrior (poisoned) and a scorpion.

Vanquished Creatures
  A hornet (D:6)
  A shadow (D:6)
  An acid dragon (D:5)
  A water moccasin (D:6)
  An ice beast (D:5)
  A centaur (D:5)
  An ogre (D:4)
  A kobold brigand (D:6)
  A scorpion (D:6)
  3 orc priests
  A hound (D:4)
  A sleepcap (D:6)
  Crazy Yiuf (D:2)
  Natasha (twice) (D:2)
  2 iguanas (D:5)
  2 orc wizards (D:3)
  Robin (D:3)
  3 gnolls (D:5)
  3 adders
  2 worms
  3 dart slugs (D:3)
  9 orcs
  2 endoplasms
  10 goblins
  13 hobgoblins
  2 jackals (D:1)
  5 quokkas
  9 ball pythons
  5 bats
  2 frilled lizards
  15 kobolds
  6 rats
111 creatures vanquished.

Notes
Turn   | Place    | Note
-------+----------+-------------------------------------------
     0 | D:1      | Danienth the Troll Shapeshifter began the quest for the
                  | Orb.
     0 | D:1      | Reached XP level 1. HP: 18/18 MP: 0/0
   176 | D:1      | Reached skill level 1 in Fighting
   199 | D:1      | Reached XP level 2. HP: 27/27 MP: 1/1
   963 | D:1      | Reached XP level 3. HP: 33/33 MP: 2/2
  1305 | D:2      | Noticed Natasha
  1311 | D:2      | Killed Natasha
  1495 | D:2      | Identified the ring "Acsauj" {rCorr Str+2 Dex+3}
  1608 | D:2      | Noticed Natasha
  1619 | D:2      | Killed Natasha
  1620 | D:2      | Reached XP level 4. HP: 33/42 MP: 3/3
  1840 | D:2      | Found a runed translucent door.
  1841 | D:2      | Noticed Crazy Yiuf
  1847 | D:2      | Killed Crazy Yiuf
  2005 | D:3      | Reached XP level 5. HP: 35/49 MP: 4/4
  2343 | D:3      | Noticed Robin
  2359 | D:3      | Killed Robin
  2650 | D:4      | Noticed an ogre
  2655 | D:4      | Killed an ogre
  2656 | D:4      | Reached XP level 6. HP: 54/59 MP: 5/5
  2899 | D:4      | Found a staircase to the Ecumenical Temple.
  3150 | Temple   | Entered the Ecumenical Temple
  3177 | D:5      | Entered Level 5 of the Dungeon
  3180 | D:5      | Reached skill level 1 in Throwing
  3346 | D:5      | Found Tifuneug's Jewellery Shop.
  3354 | D:5      | Noticed an ice beast
  3364 | D:5      | Killed an ice beast
  3365 | D:5      | Reached XP level 7. HP: 53/67 MP: 6/6
  3451 | D:5      | Found an opulent altar of Gozag.
  3451 | D:5      | Found a broken altar of Ashenzari.
  3451 | D:5      | Found a hide-covered altar of Uskayaw.
  3451 | D:5      | Found a burning altar of Makhleb.
  3452 | D:5      | Found a basalt altar of Yredelemnul.
  3452 | D:5      | Found a bloodstained altar of Trog.
  3453 | D:5      | Found a hazy altar of Hepliaklqana.
  3453 | D:5      | Found a shimmering blue altar of Sif Muna.
  3453 | D:5      | Found a shimmering altar of Xom.
  3467 | D:5      | Became a worshipper of Trog the Wrathful
  3514 | D:5      | Found Hutepsish's Magic Scroll Boutique.
  3948 | D:6      | Noticed a shadow
  3954 | D:6      | Killed a shadow
  3981 | D:6      | Reached skill level 5 in Shapeshifting
  3981 | D:6      | Reached XP level 8. HP: 60/78 MP: 7/7
  4045 | D:6      | Noticed a hornet
  4054 | D:6      | Killed a hornet
  4055 | D:6      | Reached skill level 5 in Unarmed Combat
  4328 | D:6      | Slain by an orc warrior

Illustrated notes

Levels and vault maps discovered:
D:1:      saegor_arrival_under_anarchy, layout_basic
D:2:      layout_basic, kennysheep_generic_room_3, uniq_natasha,
          uniq_crazy_yiuf_cottage
D:3:      layout_loops_cross, uniq_robin
D:4:      layout_basic, minmay_temple_entry_junction_2, roderic_st_hans_cross
D:5:      layout_rooms, nicolae_overflows_in_rows, serial_shops, shop,
          serial_bayou_lagoon_a, kennysheep_small_square
D:6:      layout_basic, minmay_hollow_rounded_squares
Temple:   nicolae_temple_no_exploring_needed

Skill      XL: |  1  2  3  4  5  6  7  8 |
---------------+-------------------------+-----
Fighting       | 1 2 3 4 |  4.0
Dodging        | 2 3 4 |  4.1
Unarmed Combat | 4 5 |  5.1
Shapeshifting  | 4 5 |  5.8
Throwing       | 3 |  3.4

Action                     |  1- 3 |  4- 6 |  7- 9 || total
---------------------------+-------+-------+-------++-------
  Melee: Unarmed           |    74 |   132 |    83 ||   289
         Punch             |     1 |     1 |     4 ||     6
  Throw: Dart              |       |       |    11 ||    11
Ability: Begin Untransform |       |     2 |       ||     2
  Evoke: Wand              |       |     1 |     1 ||     2
    Use: Scroll            |     1 |     6 |     4 ||    11
         Potion            |       |     1 |     2 ||     3
   Stab: Sleeping          |       |     4 |       ||     4
 Armour: Animal skin       |    29 |    80 |    66 ||   175
  Dodge: Dodged            |    28 |    50 |    49 ||   127
   Form: Beast             |       |     1 |       ||     1

Table legend: (Time is in decaauts)
 A = Elapsed time spent in this place.
 B = Non-inter-level travel time spent in this place.
 C = Inter-level travel time spent in this place.
 D = Time resting spent in this place.
 E = Time spent auto-exploring this place.
 F = Levels seen in this place.
 G = Mean time per level.
                   A        B        C        D        E       F      G
               +--------+--------+--------+--------+--------+-----+--------+
         Total |   4308 |   3958 |    350 |    318 |   2936 |   7 |  615.4 |
       Dungeon |   4306 |   3956 |    350 |    318 |   2936 |   6 |  717.7 |
        Temple |      1 |      1 |      0 |      0 |      0 |   1 |    1.0 |
               +--------+--------+--------+--------+--------+-----+--------+

Top non-repeatable levels by time:
     D:1: 1139 daAuts
     D:2: 750 daAuts
     D:3: 698 daAuts
     D:5: 632 daAuts
     D:4: 572 daAuts
     D:6: 513 daAuts
  Temple: 1 daAuts
